 Dungeon Crawl Stone Soup version 0.30-a0-242-g7bf8e6d787 (webtiles) character file.

Game seed: 15591382777660020996

37 purpskrrrp the Conjurer (level 3, -1/19 HPs)
             Began as a Deep Elf Conjurer on Oct 11, 2022.
             Slain by Pargi (4 damage)
             ... on level 3 of the Dungeon.
             The game lasted 00:04:13 (1942 turns).

purpskrrrp the Conjurer (Deep Elf Conjurer)         Turns: 1942, Time: 00:04:14

Health: -1/19      AC:  2    Str:  4    XL:     3   Next: 21%
Magic:  4/10       EV: 12    Int: 24    God:
Gold:   68         SH:  0    Dex: 13    Spells: 8/9 levels left

rFire   . . .      SeeInvis .    (no weapon)
rCold   . . .      Faith    .    (no shield)
rNeg    . . .      Spirit   .    a - +0 robe
rPois   .          Reflect  .    (no helmet)
rElec   .          Harm     .    (no cloak)
rCorr   .          Rampage  .    (no gloves)
Will    .....                    (no boots)
Stlth   ++........               (no amulet)
HPRegen 0.23/turn                (no ring)
MPRegen 0.12/turn                (no ring)

@: no status effects
A: no striking features
a: no special abilities


You were on level 3 of the Dungeon.
You visited 1 branch of the dungeon, and saw 3 of its levels.
You also visited: Sewer.

You collected 68 gold pieces.

Inventory:

Armour
 a - a +0 robe (worn)
Jewellery
 i - a ring of see invisible
Scrolls
 j - a scroll of enchant weapon
 o - a scroll of poison {unknown}
 p - 3 scrolls of immolation {unknown}
Potions
 b - a potion of heal wounds {unknown}
 c - 2 potions of curing
 d - a potion of might {unknown}
 f - a potion of flight {unknown}
 g - a potion of degeneration {unknown}
 h - a potion of cancellation {unknown}


   Skills:
 - Level 2.6 Dodging
 - Level 2.6 Stealth
 + Level 3.7 Spellcasting
 * Level 5.1 Conjurations


You had 8 spell levels left.
You knew the following spells:

 Your Spells              Type           Power      Damage    Failure   Level
a - Magic Dart            Conj           100%       1d8       1%          1

Your spell library contained the following spells:

 Spells                   Type           Power      Damage    Failure   Level
 Searing Ray              Conj           58%        2d6       1%          2
 Freeze                   Ice            16%        1d4       10%         1
 Dazzling Flash           Conj/Hex       32%        N/A       11%         3
 Hailstorm                Conj/Ice       16%        3d6       11%         3
 Frozen Ramparts          Ice            8%         1d2       30%         3
 Tukima's Dance           Hex            4%         N/A       30%         3
 Fulminant Prism          Conj/Hex       8%         3d7       34%         4
 Iskenderun's Mystic Bla  Conj/Tloc      16%        2d5       34%         4
 Passage of Golubria      Tloc           4%         N/A       69%         4
 Yara's Violent Unravell  Hex/Tmut       2%         3d3       95%         5


Dungeon Overview and Level Annotations

Branches:
Dungeon (3/15)              Sewer (visited)

Altars:

Annotations:
D:2 1 runed translucent door, Crazy Yiuf
D:3 Pargi


Message History

Pargi claws you. Pargi misses you.
Pargi snarls, "My home!
Leave!"
There is a gate leading back out of this place here.
Pargi bites you but does no damage. Pargi claws you. Pargi closely misses you.
Welcome back to the Dungeon!
There is a collapsed entrance here.
You are too injured to fight recklessly!
You are too injured to fight recklessly!
You are too injured to fight recklessly!
You are too injured to fight recklessly!
You are too injured to fight recklessly!
You are too injured to fight recklessly!
You are too injured to fight recklessly!
You are too injured to fight recklessly!
You are too injured to fight recklessly!
You are too injured to fight recklessly!
You are too injured to fight recklessly!
Aiming: Magic Dart (safe; 1% risk of failure)
Press: ? - help, Q - select action Shift-Dir - straight line, f - Pargi
Aim: Pargi (lightly wounded, 100% to hit)
The magic dart hits Pargi.
Pargi is lightly wounded.
Pargi barely misses you. Pargi claws you but does no damage.
Pargi closely misses you.
Aiming: Magic Dart (safe; 1% risk of failure)
Press: ? - help, Q - select action Shift-Dir - straight line, f/p - Pargi
Aim: Pargi (lightly wounded, 100% to hit)
The magic dart hits Pargi but does no damage.
Pargi is lightly wounded.
Pargi misses you. Pargi barely misses you. Pargi closely misses you.
Unknown command.
Aiming: Magic Dart (safe; 1% risk of failure)
Press: ? - help, Q - select action Shift-Dir - straight line, f/p - Pargi
Aim: Pargi (lightly wounded, 100% to hit)
The magic dart hits Pargi.
Pargi is lightly wounded.
Pargi bites you.
* * * LOW HITPOINT WARNING * * *
Pargi claws you.
You die...

#
##.......###.........#
* ##.....##
#......##.# *
##...#####...##.#*,* *
##'####~######~##,*
***** #.#
#~~~~~~#~~~#,* ,,,,*
#.# #~~†#~~#~~~#**
***,*
**,**##~##~~##†## *
*,***,,,**#~#~~T~#~# *
*,**,,,,,*#~#~@~~#~# *
*,,,,,,,*##~##~~##~##
******,,*#~~~####~~~#
*,,,#~~~~†~~~~~#
*,**##~######~## *,*
### ### *,* *,* * *,*
*********


You could see Pargi.

Vanquished Creatures
  A river rat (D:3)
  2 endoplasms
  4 giant cockroaches
  A goblin (D:1)
  A hobgoblin (D:2)
  3 quokkas
  3 ball pythons
  3 bats (D:1)
  2 frilled lizards
  5 kobolds
25 creatures vanquished.

Notes
Turn   | Place    | Note
-------+----------+-------------------------------------------
     0 | D:1      | purpskrrrp the Deep Elf Conjurer began the quest for the
                  | Orb.
     0 | D:1      | Reached XP level 1. HP: 10/10 MP: 6/6
   323 | D:1      | Reached XP level 2. HP: 15/15 MP: 6/8
   717 | D:2      | Found a faded altar of an unknown god.
  1449 | D:2      | Found a runed translucent door.
  1450 | D:2      | Noticed Crazy Yiuf
  1836 | D:3      | Reached skill level 5 in Conjurations
  1843 | D:3      | Found a glowing drain.
  1856 | D:3      | Reached XP level 3. HP: 10/19 MP: 8/10
  1866 | Sewer    | Entered a sewer
  1925 | Sewer    | Noticed Pargi
  1942 | D:3      | Slain by Pargi

Illustrated notes

Levels and vault maps discovered:
D:1:      tarquinn_simple_flora_water_d, layout_basic
D:2:      layout_basic, shapermc_ecumenical_altar_venn,
          amcnicky_mini_rare_corridor_liquid, uniq_crazy_yiuf_cottage
D:3:      layout_loops_corners, gup_sewer_entry_bubbles,
          minmay_misc_feat_plants, minivault_26, nicolae_figureground_pulse

Skill      XL: |  1  2 |
---------------+-------+-----
Conjurations   | 5 |  5.1
Dodging        | |  2.6
Stealth        | |  2.6
Spellcasting   | |  3.7

Action                   || total
-------------------------++-------
 Cast: Magic Dart        ||    54
  Use: Scroll            ||     6
       Potion            ||     2
Armor: Robe              ||    11
Dodge: Dodged            ||    24

Table legend: (Time is in decaauts)
 A = Elapsed time spent in this place.
 B = Non-inter-level travel time spent in this place.
 C = Inter-level travel time spent in this place.
 D = Time resting spent in this place.
 E = Time spent auto-exploring this place.
 F = Levels seen in this place.
 G = Mean time per level.
                   A        B        C        D        E       F      G
               +--------+--------+--------+--------+--------+-----+--------+
         Total |   1963 |   1762 |    201 |     73 |   1466 |   4 |  490.8 |
       Dungeon |   1890 |   1689 |    201 |     47 |   1435 |   3 |  630.0 |
         Sewer |     73 |     73 |      0 |     26 |     31 |   1 |   73.0 |
               +--------+--------+--------+--------+--------+-----+--------+

Top non-repeatable levels by time:
     D:2: 1033 daAuts
     D:1: 668 daAuts
     D:3: 188 daAuts
   Sewer: 73 daAuts
